 Dungeon Crawl Stone Soup version 0.28-a0-863-g8cecda6153 (webtiles) character file.

Game seed: 8589305616432201162

68 pokeman the Magician (level 4, -2/25 HPs)
             Began as a Deep Elf Hedge Wizard on Nov 18, 2021.
             Slain by Grinder (5 damage)
             ... while paralysed by Grinder
             ... on level 3 of the Dungeon.
             The game lasted 00:03:57 (2851 turns).

pokeman the Magician (Deep Elf Hedge Wizard)        Turns: 2851, Time: 00:03:58

Health: -2/25      AC:  3    Str:  7    XL:     4   Next: 1%
Magic:  3/13       EV:  2    Int: 20    God:
Gold:   131        SH:  0    Dex: 14    Spells: 2/13 levels left

rFire   + . .      SeeInvis .   c - staff of fire
rCold   . . .      Faith    .   (no shield)
rNeg    . . .      Spirit   .   b - +0 robe
rPois   .          Reflect  +   m - +1 hat
rElec   .          Harm     .   (no cloak)
rCorr   .          Rampage  .   (no gloves)
Will    .....                   (no boots)
Stlth   ++........              g - amulet of reflection
HPRegen 0.08/turn               (no ring)
MPRegen 0.13/turn               (no ring)

@: paralysed
A: no striking features
a: no special abilities


You were on level 3 of the Dungeon.
You visited 1 branch of the dungeon, and saw 3 of its levels.

You collected 131 gold pieces.

Inventory:

Missiles
 d - 49 arrows
 n - 25 bolts
Armour
 b - a +0 robe (worn)
 l - a +0 tower shield
 m - a +1 hat (worn)
Magical Staves
 c - a staff of fire (weapon)
Jewellery
 g - an amulet of reflection (around neck)
Scrolls
 a - a scroll of torment {unknown}
 e - a scroll of magic mapping {unknown}
 j - a scroll of teleportation {unknown}
 k - 2 scrolls of identify {unknown}
Potions
 f - a potion of flight {unknown}
 h - a potion of brilliance {unknown}
 i - 2 potions of curing {unknown}
 o - a potion of lignification {unknown}


   Skills:
 - Level 1.0 Fighting
 - Level 1.0 Armour
 + Level 2.6 Dodging
 - Level 2.4 Stealth
 + Level 0.1 Shields
 * Level 5.4 Spellcasting
 + Level 2.1 Conjurations
 - Level 1.1 Summonings
 - Level 1.1 Translocations


You had 2 spell levels left.
You knew the following spells:

 Your Spells              Type           Power      Damage    Failure   Level
a - Magic Dart            Conj           56%        1d5       4%          1
b - Mephitic Cloud        Conj/Pois/Air  8%         N/A       26%         3
c - Call Imp              Summ           9%         N/A       11%         2
d - Blink                 Tloc           18%        N/A       11%         2
e - Conjure Flame         Conj/Fire      14%        6-21      22%         3

Your spell library contained the following spells:

 Spells                   Type           Power      Damage    Failure   Level
 Slow                     Hex            20%        N/A       11%         1


Dungeon Overview and Level Annotations

Branches:
Dungeon (3/15)

Altars:

Annotations:
D:3 Grinder


Message History

Press: ? - help, Shift-Dir - straight line, f/p - Grinder
Aim: Grinder (severely wounded, 100% to hit)
The magic dart hits Grinder.
Grinder is severely wounded.
Grinder gestures at you. Pain shoots through your body!
Casting: Magic Dart (safe; 4% risk of failure)
Confirm with . or Enter, or press ? or * to list all spells.
Aiming: Magic Dart (safe; 4% risk of failure)
Press: ? - help, Shift-Dir - straight line, f/p - Grinder
Aim: Grinder (severely wounded, 100% to hit)
The magic dart hits Grinder.
Grinder is severely wounded.
Grinder gestures at you.
You barely resist.
Casting: Magic Dart (safe; 4% risk of failure)
Confirm with . or Enter, or press ? or * to list all spells.
Aiming: Magic Dart (safe; 4% risk of failure)
Press: ? - help, Shift-Dir - straight line, f/p - Grinder
Aim: Grinder (severely wounded, 100% to hit)
The magic dart hits Grinder.
Grinder is almost dead.
Grinder hits you.
* * * LOW HITPOINT WARNING * * *
You writhe in agony.
* * * LOW HITPOINT WARNING * * *
Casting: Magic Dart (safe; 4% risk of failure)
Confirm with . or Enter, or press ? or * to list all spells.
Aiming: Magic Dart (safe; 4% risk of failure)
Press: ? - help, Shift-Dir - straight line, f/p - Grinder
Aim: Grinder (almost dead, 100% to hit)
The magic dart hits Grinder.
Grinder is almost dead.
Grinder gestures at you.
You suddenly lose the ability to move!
Grinder gestures at you. Pain shoots through your body!
* * * LOW HITPOINT WARNING * * *
Grinder hits you.
You die...

# #.###.#####.# # #.#
#.# #.# ## #.#
#.#####.## <######## #.#
#...##...### #........
##.###..........##
.########
######..(##...##......#
##
..)....#.....####......
#
#######...###...........
......5@......####......
########.####.####.#....
#...........##.##
######.######### #.# #.#
#.# ### #.# #.. #.# #.#


You could see Grinder.

Vanquished Creatures
  A worm (D:2)
  A dart slug (D:2)
  An orc (D:3)
  5 ball pythons
  4 endoplasms (D:1)
  4 giant cockroaches
  5 hobgoblins
  2 jackals (D:1)
  3 kobolds (D:1)
  3 quokkas
  6 bats
  9 frilled lizards
  5 goblins
  A jackal skeleton (D:2)
  9 rats
59 creatures vanquished.

Notes
Turn   | Place    | Note
-------+----------+-------------------------------------------
     0 | D:1      | pokeman the Deep Elf Hedge Wizard began the quest for the
                  | Orb.
     0 | D:1      | Reached XP level 1. HP: 10/10 MP: 7/7
   370 | D:1      | Reached XP level 2. HP: 16/16 MP: 4/9
   767 | D:1      | Reached skill level 5 in Spellcasting
   827 | D:1      | Reached XP level 3. HP: 20/20 MP: 0/11
   831 | D:1      | Learned a level 3 spell: Mephitic Cloud
   834 | D:1      | Learned a level 2 spell: Call Imp
   837 | D:1      | Learned a level 2 spell: Blink
   841 | D:1      | Learned a level 3 spell: Conjure Flame
  1879 | D:2      | Reached skill level 1 in Armour
  1970 | D:2      | Reached skill level 1 in Fighting
  2260 | D:2      | Found a faded altar of an unknown god.
  2727 | D:3      | Reached XP level 4. HP: 25/25 MP: 8/13
  2835 | D:3      | Noticed Grinder
  2849 | D:3      | Paralysed by Grinder for 3 turns
  2851 | D:3      | Slain by Grinder

Illustrated notes

Levels and vault maps discovered:
D:1:      beargit_arrival_diablo_church, layout_loops_ring, st_stairs_12,
          minmay_pentomino_z2
D:2:      layout_basic, hellmonk_ecumenical_altar_arch_garden
D:3:      layout_loops_ring, evilmike_ruin_ashenzari, serial_shops,
          nicolae_shop_hallway_plus, uniq_grinder, uniq_robin

Skill      XL: |  1  2  3 |
---------------+----------+-----
Spellcasting   | 5 |  5.4
Conjurations   | 2 |  2.1
Armour         | 1 |  1.0
Fighting       | 1 |  1.0
Dodging        | |  2.6
Stealth        | |  2.4
Shields        | |  0.1
Summonings     | |  1.1
Translocations | |  1.1

Action                   |  1- 3 |  4- 6 || total
-------------------------+-------+-------++-------
Melee: Dagger            |     2 |       ||     2
 Cast: Magic Dart        |   144 |    12 ||   156
Armor: Robe              |     8 |       ||     8
Dodge: Dodged            |    19 |     1 ||    20
Block: Other             |     1 |       ||     1

Table legend: (Time is in decaauts)
 A = Elapsed time spent in this place.
 B = Non-inter-level travel time spent in this place.
 C = Inter-level travel time spent in this place.
 D = Time resting spent in this place.
 E = Time spent auto-exploring this place.
 F = Levels seen in this place.
 G = Mean time per level.
                   A        B        C        D        E       F      G
               +--------+--------+--------+--------+--------+-----+--------+
         Total |   2851 |   2775 |     76 |    122 |   2325 |   3 |  950.3 |
       Dungeon |   2851 |   2775 |     76 |    122 |   2325 |   3 |  950.3 |
               +--------+--------+--------+--------+--------+-----+--------+

Top non-repeatable levels by time:
     D:1: 1533 daAuts
     D:2: 928 daAuts
     D:3: 389 daAuts
